 Dungeon Crawl Stone Soup version 0.31-a0-217-g58bb5d79cf (webtiles) character file.

Game seed: 12221279540940258997

136 qw the Shooter (level 5, -1/30 HPs)
             Began as a Gargoyle Hexslinger on July 2, 2023.
             Slain by a goblin
             ... wielding a +0 dagger
             ... led by Robin
              (3 damage)
             ... on level 3 of the Dungeon.
             The game lasted 00:00:57 (2209 turns).

qw the Shooter (Gargoyle Hexslinger)                Turns: 2209, Time: 00:00:57

Health: -1/30      AC:  9    Str: 11    XL:     5   Next: 19%
Magic:  6/6        EV: 10    Int: 14    God:
Gold:   145        SH:  0    Dex: 14    Spells: 5/6 levels left

rFire   . . .        Y - +1 sling (elec)
rCold   . . .        (no shield)
rNeg    + . .        e - +0 ring mail
rPois   inf          (no helmet)
rElec   +            (no cloak)
rCorr   .            (no gloves)
SInv    .            (no boots)
Will    .....        (no amulet)
Stlth   +            (no ring)
HPRegen 0.25/turn    (no ring)
MPRegen 0.10/turn

%: no passive effects
@: no status effects
A: sickness immunity, AC +4, negative energy resistance 1, electricity
resistance, torment resistance 1, petrification resistance
a: no special abilities


You were on level 3 of the Dungeon.
You visited 1 branch of the dungeon, and saw 3 of its levels.

You collected 145 gold pieces.


Innate Abilities, Weirdness & Mutations

You are immune to sickness and miasma.
Your stone body is resilient. (AC +4)
You are immune to poison.
You resist negative energy. (rN+)
You are resistant to electric shocks. (rElec)
You are resistant to unholy torment.
You are immune to petrification.


   Skills:
 - Level 2.0 Fighting
 + Level 4.8 Ranged Weapons
 - Level 1.0 Armour
 - Level 1.5 Dodging
 - Level 1.0 Spellcasting
 - Level 2.6 Hexes


You had 5 spell levels left.
You knew the following spells:

 Your Spells              Type           Power      Damage    Failure   Level
a - Slow                  Hex            32%        N/A       21%         1

Your spell library contained the following spells:

 Spells                   Type           Power      Damage    Failure   Level
 Inner Flame              Hex/Fire       4%         N/A       71%         3
 Portal Projectile        Hex/Tloc       8%         N/A       71%         3
 Cause Fear               Hex            4%         N/A       90%         4

Inventory:

Hand Weapons
 Y - a +1 sling of electrocution (weapon)
Armour
 a - a +0 leather armour of fire resistance
 e - a +0 ring mail (worn)
 h - a +0 helmet
Jewellery
 d - a ring of fire
Scrolls
 c - 2 scrolls of identify
Potions
 b - a potion of attraction {unknown}
 f - a potion of degeneration {unknown}
 g - a potion of curing {unknown}
 i - 2 potions of resistance {unknown}

Dungeon Overview and Level Annotations

Branches:
Dungeon (3/15)

Altars:
Xom

Annotations:
D:3 Robin


Message History

You kill the goblin!
Robin hits you but does no damage. The goblin barely misses you.
The goblin misses you. The goblin hits you but does no damage.
Robin hits you but does no damage. The goblin hits you but does no damage.
The goblin barely misses you. The goblin hits you but does no damage.
You shoot a sling bullet.
The sling bullet barely misses the goblin.
Robin roars a battlecry!
The goblins go into a battle-frenzy!
The goblin barely misses you. The goblin hits you but does no damage.
You shoot a sling bullet.
The sling bullet barely misses the goblin.
Robin throws the goblin at you! The goblin barely misses you.
The goblin hits you but does no damage. The goblin hits you with a +0 club.
The goblin hits you but does no damage.
You shoot a sling bullet.
The sling bullet closely misses the goblin.
Robin hits you but does no damage. The goblin closely misses you. x2
The goblin barely misses you. The goblin hits you but does no damage.
You shoot a sling bullet. The sling bullet hits the goblin.
The goblin is severely wounded.
The goblin completely misses you. Robin hits you but does no damage.
The goblin hits you but does no damage. x2; The goblin barely misses you.
The goblin hits you but does no damage. The goblin barely misses you. x2
Robin hits you from afar with a +0 spear.
The goblin hits you with a +0 club.
You shoot a sling bullet.
The sling bullet barely misses the goblin.
Robin says, "My goblins will feast on your bones."
Robin barely misses you. The goblin hits you but does no damage.
The goblin misses you.
The goblin hits you but does no damage. x2
You shoot a sling bullet. The sling bullet hits the goblin.
You kill the goblin!
Robin hits you but does no damage. The goblin hits you but does no damage.
The goblin hits you with a +0 dagger. The goblin closely misses you.
You shoot a sling bullet.
The sling bullet closely misses the goblin.
Robin hits you but does no damage. The goblin hits you but does no damage.
The goblin hits you with a +0 dagger.
You die...

###########
.....)'...#
.....g)g).# ##
#@g.# ~..
##########.g.#
~~..
#............#
#~~g.
#............#
.~~
#+##..)..##%##
# #.....#...
#....)#...#
..#.....#...#
'##.....##+##


You could see Robin and 3 goblins.

Vanquished Creatures
  7 adders
  A dart slug (D:1)
  2 orcs (D:3)
  6 endoplasms
  2 giant cockroaches (D:1)
  16 goblins
  5 hobgoblins
  3 jackals
  2 quokkas
  8 ball pythons
  4 bats
  A frilled lizard (D:1)
  6 kobolds
  4 rats (D:1)
67 creatures vanquished.

Notes
Turn   | Place    | Note
-------+----------+-------------------------------------------
     0 | D:1      | qw the Gargoyle Hexslinger began the quest for the Orb.
     0 | D:1      | Reached XP level 1. HP: 12/12 MP: 2/2
     0 | D:1      | 0 ||| qw: Version: 0.3-a-40-ge99b1a8
     0 | D:1      | 0 ||| qw: Game counter: 6
     0 | D:1      | 0 ||| qw: Melee chars always use a shield: true
     0 | D:1      | 0 ||| qw: God list: Okawaru
     0 | D:1      | 0 ||| qw: Allow faded altars: false
     0 | D:1      | 0 ||| qw: Do Orc after clearing Dungeon:15 true
     0 | D:1      | 0 ||| qw: Do second Lair branch before Depths: true
     0 | D:1      | 0 ||| qw: Lair rune preference: random
     0 | D:1      | 0 ||| qw: Goals: Normal
     0 | D:1      | 0 ||| PLANNING D:1-11
   138 | D:1      | Reached XP level 2. HP: 16/16 MP: 3/3
   326 | D:1      | Reached skill level 3 in Ranged Weapons
   510 | D:1      | Reached XP level 3. HP: 21/21 MP: 4/4
   796 | D:1      | 796 ||| UPGRADING to +0 ring mail.
   806 | D:1      | 806 ||| DROPPING +0 robe.
   807 | D:1      | 807 ||| READING scroll labelled TUJEOPTELA.
   808 | D:1      | 808 ||| READING scroll labelled TASTRE UCLAOMY.
   809 | D:1      | 809 ||| DROPPING scroll of poison.
   837 | D:2      | 837 ||| STAIRDANCE
  1169 | D:2      | Reached XP level 4. HP: 26/26 MP: 5/5
  1312 | D:2      | Reached skill level 4 in Ranged Weapons
  1377 | D:2      | Reached skill level 1 in Armour
  1545 | D:2      | Found a shimmering altar of Xom.
  1735 | D:2      | 1735 ||| READING 2 scrolls labelled ZETIMOILICH.
  1736 | D:2      | 1736 ||| READING scroll labelled YVAMEGAIDO.
  1737 | D:2      | 1737 ||| READING scroll labelled QYITHO ZECW.
  1740 | D:2      | 1740 ||| DROPPING scroll of fog.
  1796 | D:3      | 1796 ||| READING scroll of brand weapon.
  1796 | D:3      | 1796 ||| BRANDING +1 sling of freezing.
  2092 | D:3      | 2092 ||| FLEEEEING.
  2143 | D:3      | Reached XP level 5. HP: 30/30 MP: 6/6
  2196 | D:3      | Noticed Robin
  2206 | D:3      | HP: 6/30 [Robin/+0 spear (3)]
  2208 | D:3      | HP: 1/30 [goblin/+0 dagger[Robin] (2)]
  2209 | D:3      | Slain by a goblin

Levels and vault maps discovered:
D:1:      dpeg_arrival_long_road, layout_basic, minmay_misc_feat_tower,
          amethyst_killhole, hangedman_abyss_or_decor_stabs
D:2:      layout_loops_corners, basic_altar, grunt_ministairs_3
D:3:      kennysheep_goblin_castle, layout_loops_corners, serial_shops, shop,
          minmay_misc_feat_hallway, corexii_shack, minmay_misc_feat_ornament,
          uniq_sigmund

Skill      XL: |  1  2  3  4 |
---------------+-------------+-----
Ranged Weapons | 3 4 |  4.8
Fighting       | 2 |  2.0
Armour         | 1 |  1.0
Dodging        | |  1.5
Spellcasting   | |  1.0
Hexes          | |  2.6

Action                     |  1- 3 |  4- 6 || total
---------------------------+-------+-------++-------
   Fire: Sling             |   100 |   131 ||   231
    Use: Scroll            |     2 |     4 ||     6
 Armour: Robe              |     6 |       ||     6
         Ring mail         |    11 |    79 ||    90
  Dodge: Dodged            |    28 |    75 ||   103

Table legend:
 A = Non-vault XP
 B = Vault XP
 C = Vault XP percentage of total XP
 D = Non-vault monster count
 E = Vault monster count
 F = Vault count percentage of total count
                 A         B        C        D         E       F
            +---------+---------+-------+---------+---------+-------
      Total |     157 |      38 |  19.5 |      52 |      15 |  22.4
            +---------+---------+-------+---------+---------+-------
        D:1 |      41 |       2 |   4.7 |      24 |       1 |   4.0
        D:2 |      78 |       1 |   1.3 |      20 |       1 |   4.8
        D:3 |      38 |      35 |  47.9 |       8 |      13 |  61.9
            +---------+---------+-------+---------+---------+-------
